 Dungeon Crawl Stone Soup version 0.27.0-1-g7a089689b8 (webtiles) character file.

Game seed: 4010404337005300884

2089474 Forgeling the Ruinous (level 27, 229/236 HPs)
             Began as a Naga Air Elementalist on Aug 6, 2021.
             Was the Champion of Cheibriados.
             Escaped with the Orb
             ... and 4 runes on Aug 7, 2021!
             The game lasted 03:03:10 (97495 turns).

Forgeling the Ruinous (Naga Air Elementalist)      Turns: 97495, Time: 03:03:11

Health: 229/236    AC: 54    Str: 33    XL:     27
Magic:  63/65      EV: 14    Int: 44    God:    Cheibriados [******]
Gold:   8973       SH: 15    Dex: 37    Spells: 23/67 levels left

rFire    + + .     SeeInvis +   a - +9 broad axe (flame)
rCold    + + +     Faith    .   x - +0 kite shield {reflect}
rNeg     + . .     Spirit   +   H - +9 scales of the Dragon King {rPois rF+ rC+ Will+}
rPois    +         Reflect  +   q - +2 helmet {Int+3}
rElec    +         Harm     .   f - +1 cloak of the Cartwright {rElec}
rCorr    +         Rampage  .   j - +0 pair of gloves of Xeorghuxt {MP+9}
Will     ++++.     Rnd*Rage +   n - +4 barding {rF+}
Stlth    ..........             b - amulet "Doroess" {Spirit rC+ rN+ MP+9 Str+3}
HPRegen  0.49/turn              A - ring of wizardry
MPRegen  0.39/turn              O - ring of Red Wine {rC+ rCorr Str+4 Dex+6}

@: very slow
A: AC +9, large, see invisible, deformed body, poison resistance, slowness 2,
spit poison 1, naga tail 2, iridescent scales 1, thin skeletal structure 1,
berserk 1
0: Orb of Zot
}: 4/15 runes: serpentine, barnacled, slimy, silver
a: Spit Poison, Renounce Religion, Bend Time, Temporal Distortion, Slouch, Step
From Time


You escaped.
You worshipped Cheibriados.
Cheibriados was exalted by your worship.
You visited 13 branches of the dungeon, and saw 59 of its levels.
You also visited: Bailey, Ice Cave and Desolation.

You collected 12346 gold pieces.
You spent 3373 gold pieces at shops.

Inventory:

Hand Weapons
 a - a +9 broad axe of flaming (weapon)
Missiles
 g - 2 silver javelins
Armour
 f - the +1 cloak of the Cartwright (worn) {rElec}
   (You bought it in a shop on level 1 of the Snake Pit)

   rElec:     It insulates you from electricity.
 j - the +0 pair of gloves of Xeorghuxt (worn) {MP+9}
   (You found it on level 3 of the Vaults)

   MP:        It affects your magic capacity (+9).
 n - a +4 barding of fire resistance (worn)
 q - a +2 helmet of intelligence (worn)
 u - a +1 tower shield of protection
 x - a +0 kite shield of reflection (worn)
 H - the +9 scales of the Dragon King (worn) {rPois rF+ rC+ Will+}
   (You found it in a bailey)

   rF:        It protects you from fire.
   rC:        It protects you from cold.
   rPois:     It protects you from poison.
   Will:      It increases your willpower.
Magical Staves
 t - a staff of air
Jewellery
 b - the amulet "Doroess" (around neck) {Spirit rC+ rN+ MP+9 Str+3}
   (You found it in the Desolation of Salt)

   [amulet of guardian spirit]

   It causes incoming damage to be divided between your reserves of health and
   magic.
   Str:       It affects your strength (+3).
   rC:        It protects you from cold.
   rN:        It protects you from negative energy.
   MP:        It affects your magic capacity (+9).
 c - the ring of Eziug {rElec rPois rF+ rN+ Str+6}
   (You found it on level 2 of the Depths)

   [ring of strength]

   Str:       It affects your strength (+6).
   rF:        It protects you from fire.
   rElec:     It insulates you from electricity.
   rPois:     It protects you from poison.
   rN:        It protects you from negative energy.
 A - a ring of wizardry (left hand)
 O - the ring of Red Wine (right hand) {rC+ rCorr Str+4 Dex+6}
   (You bought it in a shop on level 2 of the Dungeon)

   [ring of dexterity]

   Str:       It affects your strength (+4).
   Dex:       It affects your dexterity (+6).
   rC:        It protects you from cold.
   rCorr:     It protects you from acid and corrosion.
 P - the ring of the Hare {EV+8}
   (You found it on level 3 of the Elven Halls)

   [ring of evasion]

   EV:        It affects your evasion (+8).
Wands
 d - a wand of digging (31)
 e - a wand of charming (28)
 h - a wand of acid (43)
 i - a wand of iceblast (61)
 p - a wand of paralysis (67)
 y - a wand of mindburst (66)
Scrolls
 k - 5 scrolls of enchant armour
 o - 10 scrolls of amnesia
 r - 6 scrolls of enchant weapon
 D - 4 scrolls of blinking
 E - 7 scrolls of fear
 F - 9 scrolls of fog
 K - 5 scrolls of immolation
 S - 3 scrolls of summoning
 V - 7 scrolls of vulnerability
 W - a scroll of brand weapon
 X - 4 scrolls of magic mapping {@r4}
 Y - 21 scrolls of teleportation {@r3}
 Z - 36 scrolls of identify {@r1}
Potions
 B - 16 potions of brilliance
 C - 10 potions of cancellation
 G - 4 potions of ambrosia
 I - 4 potions of invisibility
 J - 28 potions of curing {@q1}
 L - 16 potions of flight
 M - 4 potions of might
 N - 4 potions of heal wounds {@q2}
 Q - 3 potions of magic
 R - 2 potions of resistance
 U - 8 potions of mutation
Miscellaneous
 l - a condenser vane
 m - a phantom mirror
 s - a tin of tremorstones (2/2)
 v - a lightning rod (4/4)
 w - a phial of floods
 z - a box of beasts


   Skills:
 - Level 12.0 Fighting
 - Level 18.0 Axes
 + Level 17.3 Armour
 - Level 12.0 Dodging
 - Level 11.6 Stealth
 - Level 9.0 Shields
 + Level 20.9 Spellcasting
 - Level 24.0 Conjurations
 - Level 24.0 Air Magic
 - Level 6.0 Earth Magic
 - Level 14.0 Invocations
 - Level 12.0 Evocations


You had 23 spell levels left.
You knew the following spells:

 Your Spells              Type           Power      Damage    Failure   Level
a - Iron Shot             Conj/Erth      54%        9d10      1%          6
b - Static Discharge      Conj/Air       100%       N/A       0%          2
c - Shock                 Conj/Air       100%       1d9       0%          1
d - Maxwell's Capacitive  Air            65%        ∞         1%          8
f - Summon Lightning Spi  Summ/Air       100%       N/A       1%          4
s - Airstrike             Air            65%        N/A       0%          4
t - Chain Lightning       Conj/Air       65%        3d86      10%         9
v - Freezing Cloud        Conj/Ice/Air   56%        6-21      1%          5
x - Lightning Bolt        Conj/Air       65%        1d89      0%          5

Your spell library contained the following spells:

 Spells                   Type           Power      Damage    Failure   Level
 Magic Dart               Conj           100%       1d8       0%          1
 Searing Ray              Conj           100%       3d7       0%          2
 Mephitic Cloud           Conj/Pois/Air  100%       N/A       0%          3
 Swiftness                Air            100%       N/A       0%          3
 Iskenderun's Battlesphe  Conj           100%       2d15      0%          5
 Beastly Appendage        Tmut           92%        N/A       1%          1
 Corona                   Hex            51%        N/A       1%          1
 Foxfire                  Conj/Fire      100%       2x1d9     1%          1
 Sandblast                Erth           100%       2d20      1%          1
 Sting                    Tmut/Pois      100%       1d8       1%          1
 Summon Small Mammal      Summ           100%       N/A       1%          1
 Corpse Rot               Necr/Air       N/A        N/A       1%          2
 Passwall                 Tmut/Erth      53%        N/A       1%          2
 Poisonous Vapours        Pois/Air       100%       N/A       1%          2
 Conjure Flame            Conj/Fire      100%       6-21      1%          3
 Dazzling Flash           Conj/Hex       100%       N/A       1%          3
 Stone Arrow              Conj/Erth      100%       3d13      1%          3
 Fulminant Prism          Conj/Hex       50%        3d23      1%          4
 Hailstorm                Conj/Ice       100%       3d20      1%          4
 Sticky Flame             Conj/Fire      100%       2d11      1%          4
 Bolt of Magma            Conj/Fire/Erth 47%        4d19      1%          5
 Silence                  Hex/Air        50%        N/A       1%          5
 Conjure Ball Lightning   Conj/Air       65%        3x3d23    1%          6
 Starburst                Conj/Fire      50%        8x6d14    1%          6
 Blink                    Tloc           N/A        N/A       2%          2
 Ensorcelled Hibernation  Hex/Ice        92%        N/A       2%          2
 Slow                     Hex            46%        N/A       2%          2
 Wereblood                Tmut           46%        N/A       2%          2
 Animate Armour           Summ/Erth      100%       N/A       5%          4
 Leda's Liquefaction      Hex/Erth       32%        N/A       5%          4
 Petrify                  Tmut/Erth      64%        N/A       5%          4
 Call Canine Familiar     Summ           46%        N/A       6%          3
 Confusing Touch          Hex            46%        N/A       6%          3
 Ignite Poison            Fire/Tmut/Pois 46%        N/A       6%          3
 Inner Flame              Hex/Fire       46%        N/A       6%          3
 Lesser Beckoning         Tloc           23%        N/A       6%          3
 Ozocubu's Armour         Ice            46%        N/A       6%          3
 Portal Projectile        Hex/Tloc       92%        N/A       6%          3
 Spider Form              Tmut/Pois      23%        N/A       6%          3
 Summon Guardian Golem    Hex/Summ       46%        N/A       6%          3
 Teleport Other           Tloc           46%        N/A       6%          3
 Tukima's Dance           Hex            46%        N/A       6%          3
 Vampiric Draining        Necr           23%        2d9       6%          3
 Spellforged Servitor     Conj/Summ      50%        N/A       12%         7
 Storm Form               Tmut/Air       50%        N/A       12%         7
 Animate Dead             Necr           23%        N/A       17%         4
 Cause Fear               Hex            23%        N/A       17%         4
 Dispel Undead            Necr           46%        3d18      17%         4
 Passage of Golubria      Tloc           N/A        N/A       17%         4
 Summon Ice Beast         Ice/Summ       46%        N/A       17%         4
 Lehudib's Crystal Spear  Conj/Erth      54%        10d13     26%         8
 Alistair's Intoxication  Tmut/Pois      30%        N/A       43%         5
 Blade Hands              Tmut           23%        N/A       43%         5
 Excruciating Wounds      Necr           23%        N/A       43%         5
 Manifold Assault         Tloc           46%        N/A       43%         5
 Summon Forest            Summ/Tloc      23%        N/A       43%         5
 Summon Mana Viper        Hex/Summ       46%        N/A       43%         5
 Yara's Violent Unravell  Hex/Tmut       23%        3d10      43%         5
 Statue Form              Tmut/Erth      42%        N/A       58%         6
 Eringya's Noxious Bog    Tmut/Pois      23%        N/A       93%         6
 Invisibility             Hex            23%        N/A       93%         6
 Shadow Creatures         Summ           N/A        N/A       93%         6
 Haunt                    Necr/Summ      23%        N/A       100%        7
 Malign Gateway           Summ/Tloc      23%        N/A       100%        7
 Monstrous Menagerie      Summ           23%        N/A       100%        7
 Ozocubu's Refrigeration  Ice            23%        4d9       100%        7
 Summon Hydra             Summ           23%        N/A       100%        7
 Borgnjor's Revivificati  Necr           23%        N/A       100%        8
 Discord                  Hex            23%        N/A       100%        8
 Disjunction              Tloc           23%        N/A       100%        8
 Infestation              Necr           23%        N/A       100%        8
 Necromutation            Tmut/Necr      23%        N/A       100%        8
 Death's Door             Necr           23%        N/A       100%        9
 Shatter                  Erth           39%        3d31*     100%        9


Dungeon Overview and Level Annotations

Branches:
Dungeon (15/15)            Temple (1/1) D:6            Lair (6/6) D:11
 Shoals (4/4) Lair:4        Snake (4/4) Lair:4        Slime (5/5) Lair:6
    Orc (2/2) D:10            Elf (3/3) Orc:2        Vaults (5/5) D:14
  Crypt (3/3) Vaults:2       Tomb (0/3) Crypt:3      Depths (5/5) D:15
   Hell (visited)             Dis (0/7) Hell            Geh (0/7) Hell
    Coc (0/7) Hell            Tar (0/7) Hell            Zot (5/5) Depths:5
 Bailey (visited)           IceCv (visited)         Desolation (visited)

Altars:
Ashenzari
Cheibriados
Dithmenos
Elyvilon
Fedhas
Gozag
Hepliaklqana
Kikubaaqudgha
Makhleb
Nemelex Xobeh
Okawaru
Qazlal
Ru
Sif Muna
Trog
Uskayaw
Vehumet
Wu Jian
Xom
Yredelemnul
Zin
The Shining One
Beogh
Lugonu

Shops:
D:2 =   D:7 [   D:13 (?   D:14 *   D:15 :!*(   Orc:2 (:??   Elf:3 [
Shoals:1 *   Snake:1 [[(   Snake:3 ?   Snake:4 (   Vaults:1 *   Vaults:3 *
Vaults:4 *   Vaults:5 (   Zot:5 *   Depths:3 *

Portals:
Hell: Depths:1 Depths:2 Depths:3 Depths:4 Depths:5
Abyss: Depths:1 Depths:3 Depths:4
Pandemonium: Orc:2 Depths:2 Depths:3
Ziggurat: Depths:2


Innate Abilities, Weirdness & Mutations

Your serpentine skin is tough. (AC +9)
You have supernaturally acute eyesight. (SInv)
Armour fits poorly on your strangely shaped body.
Your system is resistant to poisons. (rPois)
You cover ground very slowly.
You can spit poison.
You can use your snake-like lower body to constrict enemies.
You are partially covered in iridescent scales. (AC +2)
You have a somewhat thin skeletal structure. (Dex +2, Stealth+)
You tend to lose your temper in combat.


Message History

Lightning arcs from your hands!
The bolt of lightning hits the sixfirhy!!!!
The sixfirhy resists.
You kill the sixfirhy!
Cheibriados thoroughly appreciates the change of pace.
The bolt of lightning hits the sixfirhy!!!
The sixfirhy resists.
You kill the sixfirhy!
Cheibriados thoroughly appreciates the change of pace.
The bolt of lightning hits the cacodemon!!!
The cacodemon resists.
The cacodemon is heavily wounded.
The bolt of lightning hits the sixfirhy!!!
The sixfirhy resists.
You kill the sixfirhy!
Cheibriados thoroughly appreciates the change of pace.
Casting: Chain Lightning (dangerous; 10% risk of failure)
Confirm with . or Enter, or press ? or * to list all spells.
Lightning arcs from your hands!
The bolt of lightning hits the cacodemon!!!!
The cacodemon resists.
You kill the cacodemon!
Cheibriados appreciates the change of pace.
The bolt of lightning hits you. You resist.
(D) Dungeon (T) Temple (L) Lair (A) Shoals (P) Snake Pit (M) Slime Pits (O) Orcish Mines (E) Elven Halls (V) Vaults (C) Crypt (W) Tomb (U) Depths (H) Hell (I) Dis (G) Gehenna (X) Cocytus (Y) Tartarus (Z) Zot
Where to? (Enter - D:1 @ (x,y), ? - help)
You recover from your berserk rage.
There is a stone staircase leading up here.
You climb upwards.
There is a stone staircase leading down here.
A red devil comes into view. It is wielding a +0 demon trident.
Unknown command.
There is a staircase leading out of the dungeon here.
Unknown command.
The red devil hits you from afar with a +0 demon trident!
You have escaped!

#.# #....°°.≈.....##.###...> #.#
#.#.........#.###.#.####
..########.#..#...#..#..###.#....
..##....(..#.........#..#####....
..........[#.........#...........
.###.......#..#...#..#..#####....
.#######...#....4....##.# #....
..# #.#.#.........##.### #####
#.# #.#.#....@....#....# #.#
#.#.###########....# #.#
#.#....###.........#######
#.######>.......#................
#.##......##)##.#.............#..
#.##.##.#...#...#..........##.#..
..##.#.###.###.............##....
####.#..#.#.#...#........(.####..
#....#..#..#..#..........####..


You could see a red devil.

Vanquished Creatures
  the Royal Jelly (Slime:5)
  A dread lich (Zot:5)
  The ghost of Konebred the Slayer, a legendary HOFi of Xom (Zot:5)
  4 ancient liches
  Mara (Depths:1)
  3 orbs of fire
  Mennas (Vaults:4)
  Sojobo (Crypt:2)
  8 juggernauts
  Bai Suzhen (Vaults:4)
  Boris (5 times) (Vaults:2 Depths:1 Depths:3 Depths:4 Crypt:3)
  12 Killer Klowns (Zot:5)
  Margery (Vaults:2)
  Vashnia (Snake:3)
  A caustic shrike (Depths:3)
  2 curse toes (Zot:5)
  Geryon (Hell)
  3 pandemonium lords
  12 golden dragons
  A bone dragon (Crypt:3)
  2 profane servitors
  Jory (Vaults:2)
  4 electric golems
  A Tzitzimitl (Zot:5)
  Jorgrun (Shoals:1)
  The ghost of Drazool the Imperceptible, a veteran SpEn of Ashenzari (Elf:3)
  17 tentacled monstrosities
  3 Brimstone Fiends
  Rupert (D:13)
  5 titans
  13 liches
  2 Hell Sentinels
  2 deep elf master archers (Elf:3)
  2 deep elf blademasters (Elf:3)
  5 quicksilver dragons
  28 Orb Guardians
  Polyphemus (Shoals:3)
  22 acid blobs
  16 death cobs
  2 ancient champions
  8 sphinxes
  Kirke (Snake:2)
  15 tengu reavers
  A sphinx (shapeshifter) (Depths:3)
  21 storm dragons
  10 shadow dragons
  Agnes (Snake:4)
  12 rockslimes
  Donald (Elf:3)
  2 revenants
  4 draconian monks
  16 fire giants
  2 imperial myrmidons (Desolation)
  13 azure jellies
  2 iron dragons
  14 frost giants
  A nagaraja (Snake:3)
  Louise (Depths:4)
  2 curse skulls
  3 draconian knights
  8 deep elf sorcerers
  4 draconian scorchers (Zot:3)
  3 ghost moths
  2 balrugs
  A cacodemon (D:2)
  The ghost of Ahonude the Brawler, a journeyman TrMo of Qazlal (D:13)
  Aizul (Snake:3)
  21 vault wardens
  2 draconian stormcallers
  A ghoul (Crypt:3)
  A caustic shrike zombie (D:15)
  2 draconian shifters
  5 deep elf elementalists
  A quicksilver ooze (shapeshifter) (Depths:4)
  3 orc warlords
  4 spriggan defenders
  21 ironbound preservers
  6 draconian annihilators
  A war gargoyle (Vaults:5)
  A juggernaut skeleton (Depths:3)
  2 reapers (Hell)
  26 stone giants
  12 quicksilver oozes
  18 vampire knights
  5 deep elf demonologists
  27 very ugly things
  An entropy weaver (shapeshifter) (Depths:3)
  4 deep elf annihilators
  7 green draconians
  5 white draconians
  2 lorocyprocas
  10 black draconians
  8 red draconians
  5 dire elephants
  5 yellow draconians
  4 spark wasps
  2 halazid warlocks (Desolation)
  12 purple draconians
  2 entropy weavers (Vaults:2)
  3 eidola
  A green death (Hell)
  14 deep elf death magi
  24 ettins
  5 blizzard demons
  2 crystal guardians (Desolation)
  A quicksilver dragon zombie (Hell)
  14 merfolk impalers
  9 fire dragons
  6 deep elf high priests
  12 yaktaur captains
  6 ragged hierophants (Desolation)
  24 jiangshi
  39 vault guards
  A kraken zombie (Hell)
  6 servants of whispers (Desolation)
  13 ironbound thunderhulks
  Erolcha (Orc:1)
  A merfolk avatar (Shoals:1)
  A catoblepas (shapeshifter) (D:13)
  6 boulder beetles
  A hell beast (D:15)
  9 peacekeepers
  2 hydras (D:12)
  14 naga warriors
  6 salamander tyrants
  5 ogre magi
  18 ice dragons
  6 centaur warriors
  7 rakshasas
  5 spriggan air magi
  13 great orbs of eyes
  8 ironbound frosthearts
  7 catoblepae
  6 death knights
  11 two-headed ogres
  25 anacondas
  A satyr (Shoals:2)
  An alligator snapping turtle (Shoals:4)
  5 merfolk aquamancers (Shoals:4)
  31 dancing weapons
  7 tengu warriors
  8 deep troll shamans
  2 death yaks (Shoals:3)
  12 naga sharpshooters
  5 deep troll earth magi
  4 vampire magi
  Urug (Lair:2)
  7 ironbound beastmasters
  8 spriggan berserkers
  19 deep elf knights
  7 sun demons
  12 hell knights
  4 soul eaters
  8 orc high priests
  7 shock serpents
  34 skeletal warriors
  A titan skeleton (Hell)
  4 large abominations
  5 shadow wraiths
  5 sixfirhies
  6 salamander mystics
  An anaconda zombie (Hell)
  6 iron trolls
  8 naga ritualists
  13 sea snakes
  A kraken simulacrum (Hell)
  A swamp dragon (Lair:6)
  A quicksilver dragon simulacrum (Crypt:1)
  20 ironbound convokers
  12 wizards
  An infernal demonspawn (D:15)
  53 deep trolls
  A tengu zombie (D:15)
  2 gelid demonspawn (D:9)
  6 glowing orange brains
  12 flayed ghosts
  2 orange crystal statues
  A shadow dragon zombie (Depths:3)
  8 deep elf archers
  15 lindwurms
  18 necromancers
  A lindwurm (shapeshifter) (Depths:2)
  Pikel (D:9)
  26 deep elf pyromancers
  An obsidian statue (Zot:5)
  A frost giant zombie (Vaults:1)
  18 harpies
  9 phantasmal warriors
  An anaconda skeleton (Crypt:1)
  8 cyclopes
  A wolf spider (D:13)
  13 mana vipers
  18 orc knights
  A spectral ice dragon (Crypt:3)
  2 shining eyes (shapeshifter)
  28 deep elf zephyrmancers
  A shadow dragon skeleton (Crypt:3)
  11 manticores
  5 fauns
  16 salamanders
  8 orc sorcerers
  48 ugly things
  A stone giant zombie (Crypt:1)
  An oklob plant (Lair:1)
  A tengu skeleton (Depths:3)
  A wolf spider (shapeshifter) (Depths:4)
  5 shining eyes
  A sphinx skeleton (Depths:3)
  A fire giant skeleton (Crypt:3)
  3 iron dragon skeletons
  16 moths of wrath
  12 elephants
  8 water nymphs
  5 merfolk sirens
  2 dire elephant zombies (Hell)
  2 elephants (shapeshifter)
  2 ice statues (Hell)
  A guardian serpent (shapeshifter) (Depths:4)
  2 orange demons (Orc:2)
  14 guardian serpents
  16 vault sentinels
  9 naga magi
  13 cane toads
  6 smoke demons
  An eye of devastation (Slime:5)
  A rust devil (D:8)
  A cane toad (shapeshifter) (Vaults:5)
  6 molten gargoyles
  34 black mambas
  2 gargoyles (D:13)
  A water nymph (shapeshifter) (D:12)
  A dire elephant skeleton (Crypt:1)
  5 storm dragon simulacra (IceCv)
  Psyche (D:9)
  2 efreet (D:13)
  An unseen horror (shapeshifter) (Depths:3)
  A catoblepas zombie (Crypt:1)
  5 komodo dragons
  2 unseen horrors
  13 freezing wraiths
  A yellow draconian skeleton (Crypt:2)
  4 rime drakes
  25 yaktaurs
  2 tormentors
  3 ice devils
  3 hellwings
  2 hydra zombies (Hell)
  4 tengu conjurers
  A red devil (Depths:3)
  A harpy zombie (Crypt:1)
  4 golden dragon simulacra (IceCv)
  5 trolls
  2 jumping spiders (Vaults:2)
  18 merfolk
  5 hornets
  2 polar bears
  3 meliai (D:14)
  9 dream sheep
  59 slime creatures
  12 blink frogs
  2 raiju (shapeshifter)
  A dream sheep (shapeshifter) (Depths:3)
  55 saltlings (Desolation)
  13 wind drakes
  An alligator zombie (Hell)
  A deep troll zombie (D:15)
  An ice dragon zombie (Hell)
  An ettin zombie (Vaults:1)
  7 air elementals
  50 flying skulls
  3 snapping turtles
  A redback (shapeshifter) (Depths:5)
  An elf skeleton (Depths:3)
  29 water elementals
  An alligator skeleton (Hell)
  An elf zombie (Depths:3)
  15 wraiths
  3 wyverns
  A yak (shapeshifter) (Vaults:5)
  5 shadows
  4 redbacks (Vaults:2)
  3 basilisks
  3 spriggans
  2 fire elementals (Elf:3)
  A human (shapeshifter) (Vaults:5)
  56 yaks
  11 chaos spawn
  10 golden eyes
  2 steam dragons (Lair:6)
  4 vampire mosquitoes (D:12)
  10 wargs
  A sea snake simulacrum (Hell)
  4 acid dragons
  A naga (shapeshifter) (Vaults:4)
  40 nagas
  21 water moccasins
  4 hell hounds (D:7)
  A floating eye (Depths:4)
  A hydra simulacrum (Hell)
  2 swamp drakes (Lair:6)
  48 orc warriors
  A sky beast (D:5)
  2 black bears
  A monstrous demonspawn skeleton (Crypt:1)
  A snapping turtle zombie (Crypt:1)
  A swamp dragon zombie (Crypt:1)
  A lindwurm skeleton (Crypt:2)
  An ice beast (shapeshifter) (Vaults:3)
  6 necrophages
  A boggart (Vaults:4)
  5 ice dragon simulacra (IceCv)
  11 wolves
  A black mamba simulacrum (Crypt:1)
  19 centaurs
  6 ogres
  A dream sheep skeleton (Crypt:2)
  4 phantoms
  2 swamp dragon skeletons
  A lemure (D:9)
  5 kobold brigands
  A human skeleton (Vaults:1)
  14 bullfrogs
  7 earth elementals
  A gnoll sergeant (D:10)
  6 scorpions
  A water moccasin skeleton (D:4)
  A warg skeleton (Crypt:2)
  7 lindwurm simulacra (IceCv)
  12 wights
  13 electric eels
  4 howler monkeys
  A snapping turtle simulacrum (Crypt:1)
  11 jellies
  A wolf zombie (Crypt:1)
  A bullfrog zombie (D:6)
  6 centaur zombies
  5 hounds
  19 orc priests
  2 gnoll shamans
  6 iguanas
  31 orc wizards
  7 small abominations
  A killer bee zombie (D:9)
  A demigod skeleton (Crypt:2)
  A sky beast zombie (Crypt:1)
  A howler monkey zombie (D:9)
  4 adders
  10 gnolls
  A naga simulacrum (Crypt:1)
  3 ufetubi
  A halfling skeleton (Crypt:2)
  A lava snake zombie (Crypt:2)
  2 adder skeletons
  2 worms
  A barachi zombie (Crypt:2)
  3 dart slugs
  92 orcs
  7 endoplasms
  3 giant cockroaches
  5 hobgoblins
  20 jackals
  26 kobolds
  5 quokkas
  6 ball pythons
  7 bats
  4 frilled lizards
  10 goblins
  A hobgoblin zombie (Crypt:1)
  A jackal skeleton (Crypt:2)
  5 rats
  A tentacle (Hell)
2739 creatures vanquished.

Vanquished Creatures (collateral kills)
  A vault warden (Vaults:4)
  A vault guard (Vaults:4)
  An anaconda (Snake:4)
  3 skeletal warriors (D:15)
  A salamander (Snake:4)
  2 elephants (Lair:2)
  A nameless horror (Snake:4)
  A hobgoblin (D:7)
  A ball python (D:7)
12 creatures vanquished.

Vanquished Creatures (others)
  A fire giant (Depths:1)
  An ice dragon (IceCv)
  An ogre mage (Vaults:5)
  3 deep elf knights
  2 wizards
  A phantasmal warrior (Crypt:2)
  A deep elf zephyrmancer (Elf:2)
  2 humans (Snake:2)
  2 water elementals
  A yak (Lair:6)
  2 orcs
  43 fungi
  219 plants
  7 tentacles (Hell)
  8 withered plants (D:15)
294 creatures vanquished.

Grand Total: 3045 creatures vanquished

Notes
Turn   | Place    | Note
-------+----------+-------------------------------------------
     0 | D:1      | Forgeling the Naga Air Elementalist began the quest for the
                  | Orb.
     0 | D:1      | Reached XP level 1. HP: 15/15 MP: 3/3
   331 | D:1      | Reached XP level 2. HP: 22/22 MP: 3/5
   771 | D:1      | Reached XP level 3. HP: 20/28 MP: 0/6
   885 | D:1      | Learned a level 2 spell: Static Discharge
   889 | D:1      | Learned a level 3 spell: Swiftness
  1031 | D:2      | Found Postrin's Jewellery Shop.
  1665 | D:2      | Reached XP level 4. HP: 36/36 MP: 5/7
  2229 | D:3      | Found a glowing golden altar of the Shining One.
  2772 | D:3      | Reached skill level 10 in Air Magic
  2772 | D:3      | Reached XP level 5. HP: 42/42 MP: 8/14
  2778 | D:3      | Learned a level 4 spell: Airstrike
  2839 | D:4      | Reached skill level 1 in Fighting
  2839 | D:4      | Reached XP level 6. HP: 51/51 MP: 0/15
  3593 | D:4      | Noticed a black bear
  3863 | D:4      | Reached XP level 7. HP: 62/62 MP: 7/16
  4318 | D:5      | Entered Level 5 of the Dungeon
  4321 | D:5      | Found an iron altar of Okawaru.
  4625 | D:5      | Reached skill level 5 in Stealth
  4625 | D:5      | Reached XP level 8. HP: 72/72 MP: 8/17
  4816 | D:5      | Found a radiant altar of Vehumet.
  5762 | D:5      | Reached skill level 10 in Stealth
  5852 | D:5      | Reached XP level 9. HP: 78/78 MP: 5/18
  6176 | D:5      | Identified the +4 hunting sling of Gozag's Regard {vorpal,
                  | rC++ rCorr Str-4 Dex+3}
  6828 | D:6      | Found a basalt altar of Yredelemnul.
  7046 | D:6      | Found a staircase to the Ecumenical Temple.
  7744 | Temple   | Entered the Ecumenical Temple
  7928 | Temple   | Became a worshipper of Cheibriados the Contemplative
  8025 | D:7      | Reached skill level 1 in Shields
  8141 | D:7      | Found a hazy altar of Hepliaklqana.
  8170 | D:7      | Found a hide-covered altar of Uskayaw.
  8349 | D:7      | Found Paog's Antique Armour Emporium.
  8434 | D:7      | Reached skill level 1 in Invocations
  8659 | D:7      | Reached * piety under Cheibriados
  8832 | D:7      | Noticed a skeletal warrior
  8852 | D:7      | Reached skill level 5 in Fighting
  9110 | D:7      | Noticed a manticore
  9239 | D:2      | Bought an amulet of magic regeneration for 330 gold pieces
  9697 | D:8      | Reached XP level 10. HP: 88/88 MP: 16/19
 10390 | D:8      | Reached ** piety under Cheibriados
 10550 | D:9      | Noticed Psyche
 10719 | D:9      | Noticed Pikel
 10723 | D:9      | Killed Pikel
 10894 | D:9      | Killed Psyche
 11127 | D:9      | Reached skill level 5 in Invocations
 11162 | D:9      | Reached *** piety under Cheibriados
 11940 | D:10     | Entered Level 10 of the Dungeon
 11944 | D:10     | Found a staircase to the Orcish Mines.
 12087 | D:10     | Found a burning altar of Makhleb.
 12232 | D:10     | Reached XP level 11. HP: 91/97 MP: 20/20
 12299 | D:10     | Reached **** piety under Cheibriados
 12372 | D:10     | Found a glowing silver altar of Zin.
 12683 | D:10     | Found a stormy altar of Qazlal.
 12823 | D:10     | Learned a level 4 spell: Summon Lightning Spire
 12829 | D:10     | Learned a level 5 spell: Lightning Bolt
 13031 | D:11     | Found a staircase to the Lair.
 13340 | D:11     | Reached skill level 5 in Conjurations
 13357 | D:11     | Noticed a two-headed ogre
 13363 | D:11     | Killed a two-headed ogre
 13920 | D:7      | Killed a manticore
 14074 | D:7      | Killed a skeletal warrior
 14310 | D:7      | Identified the +0 chain mail of Juynat {Dex+4}
 14353 | D:7      | Found a shimmering altar of Xom.
 14493 | Lair:1   | Entered Level 1 of the Lair of Beasts
 14604 | Lair:1   | Reached skill level 10 in Invocations
 14604 | Lair:1   | Reached skill level 1 in Evocations
 14604 | Lair:1   | Reached XP level 12. HP: 88/105 MP: 9/21
 14607 | Lair:1   | Reached ***** piety under Cheibriados
 15066 | Lair:1   | Got the Disquisition on Translocation
 15181 | Lair:1   | Reached skill level 5 in Evocations
 15648 | Lair:2   | Noticed a catoblepas
 15651 | Lair:2   | Killed a catoblepas
 15707 | Lair:2   | Reached skill level 1 in Armour
 16028 | Lair:2   | Reached skill level 5 in Dodging
 16095 | Lair:2   | Noticed Urug
 16221 | D:10     | Reached skill level 5 in Armour
 16221 | D:10     | Gained mutation: You can use your snake-like lower body to
                  | constrict enemies. [Naga growth]
 16221 | D:10     | Reached XP level 13. HP: 111/111 MP: 22/22
 16222 | D:10     | Reached XP level 14. HP: 120/120 MP: 22/27
 16588 | Lair:2   | Killed Urug
 17754 | Lair:4   | Found a staircase to the Snake Pit.
 18284 | Lair:4   | Reached XP level 15. HP: 126/126 MP: 10/28
 18432 | Lair:4   | Found a staircase to the Shoals.
 19984 | Lair:5   | Reached skill level 10 in Spellcasting
 20160 | Lair:6   | Entered Level 6 of the Lair of Beasts
 20250 | Lair:6   | Reached ****** piety under Cheibriados
 20998 | Lair:6   | Found a staircase to the Slime Pits.
 22215 | D:12     | Found a flagged portal.
 22224 | Bailey   | Entered a bailey
 22747 | Bailey   | Found the +9 scales of the Dragon King {rPois rF+ rC+
                  | Will+}
 23118 | D:12     | Found a runed translucent door.
 24234 | D:12     | Identified the +6 war axe of Prudence {pain, rC+ Dex+4
                  | Stlth+}
 24336 | Orc:1    | Entered Level 1 of the Orcish Mines
 24416 | Orc:1    | Noticed Erolcha
 24419 | Orc:1    | Killed Erolcha
 24453 | Orc:1    | Noticed an orc warlord
 24462 | Orc:1    | Killed an orc warlord
 25252 | Orc:2    | Entered Level 2 of the Orcish Mines
 25369 | Orc:2    | Reached XP level 16. HP: 118/133 MP: 11/30
 25512 | Orc:2    | Found a staircase to the Elven Halls.
 26376 | Orc:2    | Found Nyggyir's Magic Scroll Emporium.
 26379 | Orc:2    | Found Hist's Magic Scroll Shoppe.
 26499 | Orc:2    | Bought a scroll of fog for 20 gold pieces
 27532 | Orc:2    | Found Goluek's Antique Weapon Boutique.
 27532 | Orc:2    | Found Tuucyoh's Book Shop.
 27533 | Orc:2    | Found a one-way gate leading to the halls of Pandemonium.
 27732 | D:2      | Bought the ring of Disaster {rF+ Will+ Str+6} for 859 gold
                  | pieces
 28503 | D:13     | Found a large runed translucent door.
 28688 | D:13     | Found Koumeat's Magic Scroll Shop.
 28697 | D:13     | Noticed Rupert
 28705 | D:13     | Killed Rupert
 28945 | D:13     | Found a large runed translucent door.
 28949 | D:13     | Noticed Ahonude's ghost (journeyman TrMo)
 29135 | D:13     | Found a blossoming altar of Fedhas.
 29173 | D:13     | Found Hyel's Weapon Shoppe.
 29341 | D:13     | Got Adujozi's Grimoire of Shape Shifting
 29797 | D:14     | Reached skill level 10 in Conjurations
 30058 | D:14     | Found Xumed's Gadget Gallery.
 30670 | D:14     | Found a gate to the Vaults.
 30692 | D:15     | Entered Level 15 of the Dungeon
 30712 | D:15     | Found Yfukkar's Antique Weapon Shop.
 31035 | D:15     | Found a staircase to the Depths.
 31057 | D:15     | Reached XP level 17. HP: 141/141 MP: 11/32
 31170 | D:15     | Found Radud's Assorted Antiques.
 31228 | D:15     | Found Potita Rou's Distillery.
 31240 | D:15     | Bought a potion of heal wounds for 70 gold pieces
 31594 | D:15     | Found Yxerchyo's Book Boutique.
 32637 | D:13     | Killed Ahonude's ghost
 33321 | Shoals:1 | Entered Level 1 of the Shoals
 33445 | Shoals:1 | Reached skill level 5 in Shields
 33650 | Shoals:1 | Found Fimemidi's CLEARANCE SALE! EVERYTHING MUST GO!.
 33701 | Shoals:1 | Noticed Jorgrun
 33725 | Shoals:1 | Killed Jorgrun
 34306 | Shoals:1 | Bought a potion of mutation for 16 gold pieces
 34306 | Shoals:1 | Bought a condenser vane for 80 gold pieces
 34306 | Shoals:1 | Bought a scroll of teleportation for 6 gold pieces
 35253 | Shoals:2 | Reached skill level 10 in Armour
 36143 | Shoals:3 | Noticed Polyphemus
 36160 | Shoals:3 | Killed Polyphemus
 36298 | Shoals:3 | Found a frozen archway.
 36385 | IceCv    | Entered an ice cave
 36411 | IceCv    | Reached XP level 18. HP: 134/154 MP: 6/33
 37030 | IceCv    | Noticed a golden dragon
 37037 | IceCv    | Killed a golden dragon
 37126 | IceCv    | Identified the ring of Danenk {Fly rC- Dex+5}
 37209 | IceCv    | Identified the +9 short sword of Deformation {flame, Drain
                  | +Rage rPois Str+2}
 37877 | Shoals:4 | Entered Level 4 of the Shoals
 38319 | D:2      | Bought the ring of Red Wine {rC+ rCorr Str+4 Dex+6} for 951
                  | gold pieces
 38493 | Orc:2    | Bought a scroll of blinking for 105 gold pieces
 38493 | Orc:2    | Bought a scroll of holy word for 105 gold pieces
 38675 | Snake:1  | Entered Level 1 of the Snake Pit
 38753 | Snake:1  | Found Xeczodo's Antique Weapon Shoppe.
 38758 | Snake:1  | Found Gatreit's Antique Armour Emporium.
 38766 | Snake:1  | Bought a pair of spiked gloves for 171 gold pieces
 38766 | Snake:1  | Identified the +0 pair of gloves of Henem {SInv} (You
                  | bought it in a shop on level 1 of the Snake Pit)
 39551 | Snake:1  | Found Qenorghia's Antique Armour Shop.
 39560 | Snake:1  | Bought a runed helmet for 202 gold pieces
 40442 | Snake:2  | Reached skill level 1 in Axes
 41240 | Snake:2  | Reached skill level 5 in Axes
 41747 | Snake:2  | Noticed Kirke
 41753 | Snake:2  | Killed Kirke
 42564 | Snake:3  | Noticed Vashnia
 42681 | Snake:3  | Noticed Aizul
 42688 | Snake:3  | Killed Aizul
 42749 | Snake:3  | Identified the amulet "Udusuh" {Reflect Regen+ Str+4 Dex-5
                  | SH+5}
 43261 | Snake:3  | Killed Vashnia
 43262 | Snake:3  | Reached XP level 19. HP: 155/166 MP: 11/34
 43348 | Snake:3  | Found Kiannime's Magic Scroll Boutique.
 43768 | Snake:4  | Entered Level 4 of the Snake Pit
 43833 | Snake:4  | Noticed Agnes
 43904 | Snake:4  | Reached skill level 10 in Fighting
 43906 | Snake:4  | Killed Agnes
 44163 | Snake:4  | Found Olauphik's Firing Range.
 44202 | Snake:4  | Reached skill level 10 in Axes
 47028 | Snake:4  | Got a serpentine rune of Zot
 47394 | Snake:1  | Bought a runed broad axe for 217 gold pieces
 47589 | Shoals:4 | Reached XP level 20. HP: 108/180 MP: 35/35
 48093 | Shoals:4 | Identified the amulet of Absolutism {Spirit Dex+5}
 48669 | Shoals:4 | Paralysed by an air elemental for 1 turns
 48695 | Shoals:4 | Paralysed by an air elemental for 1 turns
 48699 | Shoals:4 | Paralysed by an air elemental for 1 turns
 48744 | Shoals:4 | Paralysed by an air elemental for 1 turns
 48748 | Shoals:4 | Paralysed by an air elemental for 1 turns
 48992 | Shoals:4 | Identified the +6 halberd "Noalaicw" {elec, rN+ Str+5}
 49209 | Shoals:4 | Identified the +2 steam dragon scales of the Bull {Dex+4}
 49213 | Shoals:4 | Paralysed by an air elemental for 1 turns
 49729 | Shoals:4 | Got the Handbook of Flamy Bewitchment
 49837 | Shoals:4 | Got a barnacled rune of Zot
 50262 | Vaults:1 | Entered Level 1 of the Vaults
 51363 | Vaults:1 | Found Qixytuz's General Store.
 51371 | Vaults:1 | Bought a potion of heal wounds for 70 gold pieces
 51435 | Vaults:1 | Reached skill level 10 in Dodging
 52692 | Vaults:2 | Noticed Jory
 52769 | Vaults:2 | Noticed Boris
 52781 | Vaults:2 | Killed Boris
 52811 | Vaults:2 | Reached XP level 21. HP: 179/190 MP: 36/36
 53216 | Vaults:2 | Noticed Margery
 53224 | Vaults:2 | Killed Margery
 53443 | Vaults:2 | Found a staircase to the Crypt.
 53497 | Vaults:2 | Killed Jory
 56075 | Vaults:3 | Found Pagietic's Assorted Antiques.
 56217 | Vaults:3 | Identified the +0 pair of gloves of Xeorghuxt {MP+9}
 56531 | Vaults:4 | Found Nunoillo's Assorted Antiques.
 56688 | Vaults:4 | Reached XP level 22. HP: 106/198 MP: 38/38
 57431 | Vaults:4 | Noticed Mennas
 57436 | Vaults:4 | Killed Mennas
 57921 | Vaults:4 | Reached skill level 10 in Evocations
 59042 | Vaults:4 | Learned a level 6 spell: Iron Shot
 59320 | Elf:1    | Entered Level 1 of the Elven Halls
 59361 | Elf:1    | Paralysed by an air elemental for 1 turns
 59378 | Elf:1    | Reached skill level 1 in Earth Magic
 60660 | Elf:1    | Found a corrupted altar of Lugonu.
 60729 | Elf:1    | Paralysed by an air elemental for 1 turns
 60961 | Elf:2    | Found a crumbling gateway.
 61243 | Desolati | Entered the Desolation of Salt
 61266 | Desolati | Reached skill level 5 in Earth Magic
 61288 | Desolati | Reached XP level 23. HP: 173/205 MP: 39/39
 61684 | Desolati | Got Fanuac's Volume of Stones and Evil Secrets
 62174 | Desolati | Got Zidghengi's Disquisition on Spatial Transmutation
 62185 | Desolati | Identified the amulet "Doroess" {Spirit rC+ rN+ MP+9 Str+3}
 62388 | Desolati | Identified the amulet of Casedd {Spirit Str+7}
 62394 | Desolati | Got the Volume of Transmigration
 62617 | Elf:2    | Reached skill level 15 in Conjurations
 62809 | Elf:2    | Found a runed translucent gate.
 62809 | Elf:2    | Found a runed translucent gate.
 62809 | Elf:2    | Found a runed translucent gate.
 64043 | Elf:3    | Entered Level 3 of the Elven Halls
 64055 | Elf:3    | Found a runed translucent gate.
 64056 | Elf:3    | Found a runed translucent gate.
 64056 | Elf:3    | Found a runed translucent gate.
 64056 | Elf:3    | Noticed Drazool's ghost (veteran SpEn)
 64217 | Elf:3    | Identified the +2 scimitar of War {protect, Dex+4}
 64245 | Elf:3    | Reached skill level 15 in Axes
 64790 | Elf:3    | Identified a scroll of acquirement
 64791 | Elf:3    | Acquired the Tome of Attacks
 64823 | Elf:3    | Found the ring of the Hare {EV+8}
 64829 | Elf:3    | Got the Grimoire of the Blaze and the Mountains
 64835 | Elf:3    | Got the Tome of the First Deaths
 64922 | Elf:3    | Reached XP level 24. HP: 204/213 MP: 39/39
 64966 | Elf:3    | Found Gikhusid's Armour Emporium.
 65297 | Elf:3    | Noticed Donald
 65302 | Elf:3    | Killed Donald
 65410 | Elf:3    | Paralysed by an air elemental for 1 turns
 65436 | Elf:3    | Killed Drazool's ghost
 65566 | Elf:3    | Learned a level 9 spell: Chain Lightning
 65572 | Elf:3    | Learned a level 5 spell: Freezing Cloud
 65845 | Snake:1  | Bought a translucent cloak for 171 gold pieces
 65845 | Snake:1  | Identified the +1 cloak of the Cartwright {rElec} (You
                  | bought it in a shop on level 1 of the Snake Pit)
 66094 | Depths:1 | Entered Level 1 of the Depths
 66169 | Depths:1 | You fall into a shaft and drop 1 floor!
 66465 | Depths:1 | Found a basalt altar of Yredelemnul.
 66576 | Depths:1 | Noticed Mara
 66591 | Depths:1 | Noticed Forgeling's illusion
 66616 | Depths:1 | Killed Mara
 66929 | Depths:1 | Noticed Boris
 66945 | Depths:1 | Killed Boris
 67206 | Depths:1 | Found a one-way gate to the infinite horrors of the Abyss.
 67632 | Depths:1 | Found a gateway to Hell.
 68062 | Depths:2 | Noticed a juggernaut
 68064 | Depths:2 | Noticed a juggernaut
 68073 | Depths:2 | Killed a juggernaut
 68081 | Depths:2 | Killed a juggernaut
 68088 | Depths:2 | Reached XP level 25. HP: 140/220 MP: 17/39
 68667 | Depths:2 | Identified the ring of Ciprie {rElec rN+ AC+4 Str-2}
 68870 | Depths:2 | Identified the ring of Eziug {rElec rPois rF+ rN+ Str+6}
 68876 | Depths:2 | Acquired 957 gold pieces
 68941 | Depths:2 | Found a gateway to a ziggurat.
 69499 | Depths:3 | Reached skill level 15 in Air Magic
 69587 | Depths:3 | Noticed a juggernaut
 69606 | Depths:3 | Killed a juggernaut
 69725 | Depths:3 | Noticed a juggernaut
 69732 | Depths:3 | Killed a juggernaut
 70243 | Depths:3 | Identified the +0 battleaxe "Forgeling's Bane" {freeze, rC-
                  | Int+8 SInv}
 70243 | Depths:3 | Noticed Boris
 70254 | Depths:3 | Noticed an ancient lich
 70265 | Depths:3 | Killed an ancient lich
 70270 | Depths:3 | Killed Boris
 70279 | Depths:3 | Reached XP level 26. HP: 222/229 MP: 27/40
 70304 | Depths:3 | Paralysed by a hornet for 1 turns
 70659 | Depths:3 | Noticed an ancient lich
 70670 | Depths:3 | Killed an ancient lich
 70955 | Depths:3 | Got the Compendium of Unholy Arts
 70997 | Depths:3 | Found Miotiekh's Pet Rocks.
 71849 | Depths:3 | Acquired a +1 barding of cold resistance
 71894 | Depths:4 | Noticed Boris
 71901 | Depths:4 | Killed Boris
 72099 | Depths:4 | Noticed Louise
 72105 | Depths:4 | Killed Louise
 72271 | Depths:4 | Identified the ring of Maus {Ice Stlth+}
 72460 | Depths:4 | Gained mutation: Your magical capacity is low. (-10% MP) [a
                  | shining eye]
 72462 | Depths:4 | Gained mutation: You tend to lose your temper in combat. [a
                  | shining eye]
 72525 | Depths:4 | Noticed a juggernaut
 72542 | Depths:4 | Noticed a juggernaut
 72546 | Depths:4 | Killed a juggernaut
 72553 | Depths:4 | Killed a juggernaut
 72571 | Depths:4 | Noticed a juggernaut
 72580 | Depths:4 | Killed a juggernaut
 72690 | Depths:4 | Noticed a juggernaut
 72694 | Depths:4 | Killed a juggernaut
 72695 | Depths:4 | Reached XP level 27. HP: 227/236 MP: 36/37
 72997 | Depths:4 | Noticed an ancient lich
 73002 | Depths:4 | Killed an ancient lich
 73133 | Depths:4 | Identified the +1 robe of Subjectivity {Dex+4}
 73160 | Depths:4 | Identified the +7 great sword "Syquonej" {flame, Contam
                  | rPois rC+ Stlth+}
 73437 | Depths:4 | Lost mutation: You tend to lose your temper in combat.
                  | [potion of mutation]
 73437 | Depths:4 | Lost mutation: Your magical capacity is low. (-10% MP)
                  | [potion of mutation]
 73437 | Depths:4 | Gained mutation: You have an increased reservoir of magic.
                  | (+10% MP) [potion of mutation]
 73437 | Depths:4 | Gained mutation: Your spells are a little easier to cast,
                  | but a little less powerful. [potion of mutation]
 73437 | Depths:4 | Gained mutation: You are partially covered in iridescent
                  | scales. (AC +2) [potion of mutation]
 73437 | Depths:4 | Gained mutation: You have a somewhat thin skeletal
                  | structure. (Dex +2, Stealth+) [potion of mutation]
 73465 | Depths:5 | Entered Level 5 of the Depths
 74192 | Depths:5 | Found a gate to the Realm of Zot.
 74531 | Hell     | Entered the Vestibule of Hell
 74531 | Hell     | Noticed Geryon
 75618 | Hell     | Killed Geryon
 75656 | Hell     | Found a gateway to the ashen valley of Gehenna.
 75861 | Hell     | Found a gateway to the Iron City of Dis.
 75907 | Hell     | Reached skill level 15 in Spellcasting
 76055 | Hell     | Found a gateway to the freezing wastes of Cocytus.
 76156 | Hell     | Found a gateway to the decaying netherworld of Tartarus.
 76521 | Crypt:1  | Entered Level 1 of the Crypt
 77613 | Crypt:2  | Noticed Sojobo
 77628 | Crypt:2  | Killed Sojobo
 78300 | Crypt:3  | Entered Level 3 of the Crypt
 78475 | Crypt:3  | Found a basalt altar of Yredelemnul.
 78626 | Crypt:3  | Noticed Boris
 78662 | Crypt:3  | Killed Boris
 79548 | Crypt:3  | Found a staircase to the Tomb.
 80331 | Vaults:5 | Entered Level 5 of the Vaults
 80515 | Vaults:5 | Noticed Bai Suzhen
 80543 | Vaults:4 | Killed Bai Suzhen
 81361 | Vaults:5 | Identified the ring "Hero's Friend" {rElec Slay+4}
 81375 | Vaults:5 | Identified the +6 flail "Hagig" {freeze, Str+2 Dex+3}
 81376 | Vaults:5 | Identified the +10 lajatang "Viz Fias" {spect, rF+ Str+4
                  | Int+4}
 81396 | Vaults:5 | Identified the +9 great sword of the Red Skies {freeze, rF+
                  | SInv}
 81401 | Vaults:5 | Identified the +8 fustibalus of Gehenna {venom, Will- Int+6
                  | SInv}
 81915 | Vaults:5 | Got a silver rune of Zot
 81986 | Vaults:5 | Identified the +5 dagger of Balance {flame, rF+ Will+}
 81994 | Vaults:5 | Found Niruwukk's Antique Weapon Shoppe.
 82977 | Zot:1    | Entered Level 1 of the Realm of Zot
 83940 | Zot:2    | Noticed an orb of fire
 83944 | Zot:2    | Killed an orb of fire
 87480 | Zot:5    | Entered Level 5 of the Realm of Zot
 88147 | Zot:5    | Found a runed translucent gate.
 88147 | Zot:5    | Found a runed translucent gate.
 88147 | Zot:5    | Found a runed translucent gate.
 88148 | Zot:5    | Found an opulent altar of Gozag.
 88149 | Zot:5    | Noticed Konebred's ghost (legendary HOFi)
 88390 | Zot:5    | Found Duufemet's Assorted Antiques.
 89382 | Zot:5    | Noticed an orb of fire
 89388 | Zot:5    | Killed an orb of fire
 89388 | Zot:5    | Noticed an ancient lich
 89400 | Zot:4    | Gained mutation: You have a pair of small antennae on your
                  | head. [mutagenic glow]
 89568 | Zot:5    | Killed an ancient lich
 89678 | Zot:5    | Noticed a dread lich
 89682 | Zot:5    | Killed a dread lich
 90100 | Zot:5    | Killed Konebred's ghost
 90329 | Zot:5    | Reached skill level 15 in Armour
 91456 | Zot:5    | Noticed an orb of fire
 91460 | Zot:5    | Gained mutation: You are occasionally teleported next to
                  | monsters. [an orb of fire]
 91461 | Zot:5    | Killed an orb of fire
 91803 | Zot:5    | Lost mutation: You are occasionally teleported next to
                  | monsters. [potion of mutation]
 91803 | Zot:5    | Lost mutation: Your spells are a little easier to cast, but
                  | a little less powerful. [potion of mutation]
 91803 | Zot:5    | Lost mutation: You have a pair of small antennae on your
                  | head. [potion of mutation]
 91803 | Zot:5    | Lost mutation: You have an increased reservoir of magic.
                  | (+10% MP) [potion of mutation]
 92234 | Slime:1  | Entered Level 1 of the Pits of Slime
 92382 | Slime:1  | Gained mutation: You tend to lose your temper in combat. [a
                  | shining eye]
 93253 | Slime:5  | Entered Level 5 of the Pits of Slime
 93542 | Slime:5  | Noticed the Royal Jelly
 94483 | Slime:4  | Learned a level 8 spell: Maxwell's Capacitive Coupling
 94993 | Slime:5  | Killed the Royal Jelly
 95725 | Slime:5  | Found the +8 mithril axe "Arga" {speed, Will+}
 95958 | Slime:5  | Got a slimy rune of Zot
 96802 | Zot:5    | Got the Orb of Zot
 97138 | D:15     | Noticed Luebuegg the pandemonium lord
 97325 | D:8      | Noticed Venno the pandemonium lord
 97326 | D:8      | Killed Venno the pandemonium lord
 97415 | D:4      | Noticed Soimis the pandemonium lord
 97421 | D:4      | Killed Soimis the pandemonium lord
 97444 | D:3      | Noticed Unagocypra the pandemonium lord
 97448 | D:3      | Killed Unagocypra the pandemonium lord
 97495 | D:$      | Escaped with the Orb!

Illustrated notes

Levels and vault maps discovered:
D:1:      shiori_arrival_oz, layout_loops_cross
D:2:      layout_basic, serial_shops, nicolae_shop_trees
D:3:      layout_basic, lemuel_tele_altar, st_stairs_11, solitary_fountain
D:4:      layout_loops_ring
D:5:      black_bear_nest_2, layout_rooms, okawaru_ov_weapons_minmay,
          nicolae_overflow_crystal_walls, minmay_pentangle
D:6:      layout_layer_cave, mainiacjoe_overflow_six_doors_small, temple_pool_b
D:7:      layout_basic, tgw_xom, mainiacjoe_overflow_paths,
          mainiacjoe_overflow_small_starburst, serial_shops,
          nicolae_lakefront_shop, serial_corexii_hall, corexii_hall_statues_i,
          corexii_hall_statues_t, corexii_hall_statues_l,
          chequers_hall_statues_y, minmay_chambers_of_fives
D:8:      layout_basic
D:9:      layout_loops_ring, uniq_pikel, uniq_psyche
D:10:     layout_small_grid, zin_scriptorium, nicolae_qazlal_eye_of_the_storm,
          mainiacjoe_overflow_cross_hatched, david_orc_2,
          kennysheep_small_square
D:11:     layout_long_grid, erik_lair_orcish_takeover
D:12:     layout_basic, enter_bailey_8, drop_trap, lightli_airlock
D:13:     minmay_tri_box, layout_loops_ring, serial_shops, shop,
          ebering_ghost_disaster_area, nicolae_inconvenience_store,
          hangedman_decor_points, fedhas_altar_1, uniq_rupert
D:14:     layout_stronghold, david_vaults_1, moated_statue, chequers_arboretum,
          nicolae_shop_gadgets
D:15:     gammafunk_depths_entry_grave, layout_long_grid,
          chequers_hall_statues_wall_a, serial_shops, shop, shop,
          nicolae_shop_statue_plus, nicolae_shop_waterfront
Temple:   minmay_temple_bridge_abc
Lair:1:   layout_loops_ring, serial_bayou_pond_e, wad_woods_road_05,
          minmay_lair_oklob_chamber, serial_bayou_shore_b
Lair:2:   layout_chaotic_city, minmay_stone_trees_small, uniq_urug
Lair:3:   layout_misc_corridors, serial_bayou_pond_b, serial_bayou_shore_b,
          serial_bayou_shore_b, grunt_megastairs_2, serial_bayou_shore_b,
          serial_bayou_shore_b
Lair:4:   layout_cave_pods, minmay_shoals_entry_centaurs,
          minmay_snake_entry_six_corridors
Lair:5:   layout_cellular_growth
Lair:6:   guppyfry_lair_end_dragon, layout_gridlike,
          minmay_slime_entry_jelly_boxes
Shoals:1: layout_shoals, nicolae_shop_clearance, uniq_jorgrun
Shoals:2: layout_shoals, uniq_ilsuiw
Shoals:3: layout_shoals, portal_ice_cave_entry_ugly_swarm, uniq_polyphemus
Shoals:4: shoals_end_hellmonk_storm_palace [storm_palace_center_ruins,
          storm_palace_corner_grid, storm_palace_corner_pillars,
          storm_palace_corner_reverse_hut, storm_palace_corner_reverse_hut],
          serial_shops
Snake:1:  layout_honeycomb, serial_shops, nicolae_lakefront_shop,
          minmay_shoptagon
Snake:2:  layout_chambers, uniq_kirke
Snake:3:  layout_cave_town, serial_bayou, serial_bayou_ford_a,
          serial_bayou_pond_a, serial_bayou_lake_a, serial_bayou_pond_e,
          serial_bayou_pond_c, serial_shops, shop, grunt_ministairs_9,
          st_stairs_9, uniq_vashnia, uniq_aizul
Snake:4:  snake_pit_salamanders_mu, layout_onion_interference,
          nicolae_snake_gridmaze_zigzag, nicolae_shop_firing_range, uniq_agnes
Slime:1:  layout_caves
Slime:2:  layout_caves
Slime:3:  layout_caves
Slime:4:  layout_caves, cheibrodos_slime_lost_civilization_4
Slime:5
Orc:1:    layout_caves, basic_altar, uniq_erolcha
Orc:2:    pf_orc_diabolical, layout_caves, basic_altar
Elf:1:    layout_loops_corners, minivault_28, nicolae_elf_theology_debate
Elf:2:    nicolae_elf_blades_splatter_lattice
          [nicolae_blade_entry_hurt_lockers], layout_gridlike,
          portal_desolation_entry_nicolae_slug
Elf:3:    grunt_elf_hall_diamonds, layout_geoelf_diagonals, serial_shops,
          nicolae_shop_stone, gammafunk_ghost_split, uniq_donald
Vaults:1: vaults_dpeg_spiral, vaults_room_grunt_arrival_ludios,
          vaults_room_stairs_pillars, vaults_dpeg_diagonal, v_misc_15,
          ontoclasm_vaults_decontamination, nicolae_vaults_stairing_the_circle,
          vaults_room_boxed, vaults_standard_mumra_x,
          nicolae_vaults_yaktaur_gun_rack, nicolae_vaults_little_squares_5,
          hangedman_vaults_nails, layout_vaults_big_room, serial_shops,
          nicolae_shop_stone
Vaults:2: ontoclasm_vaults_idyll, vaults_mumra_hex,
          minmay_crypt_entry_simple_plaza, nicolae_vaults_network_star,
          st_hourglassy, ontoclasm_vaults_claustrophobia,
          ontoclasm_vaults_loading_screen, hangedman_vaults_impose,
          vaults_dpeg_ring, nicolae_vaults_sealed_display,
          nicolae_vaults_little_squares_2, vaults_room_semicircle,
          layout_vaults_omnicross, uniq_boris, uniq_jory, uniq_margery
Vaults:3: grunt_vaults_hallway_long, grunt_vaults_diagonal, vaults_dpeg_hooks,
          vaults_room_large_hall, vaults_dpeg_encased_lava,
          nicolae_vaults_network_s, vaults_standard_mumra_lines, v_misc_29,
          grunt_vaults_trifunnel, hangedman_vaults_snaps, v_misc_3,
          ontoclasm_vaults_shuriken, layout_vaults_omnibox, serial_shops,
          nicolae_shop_waterfront
Vaults:4: v_misc_3, v_misc_8, vaults_mumra_chevron_long,
          vaults_room_ringed_pool, vaults_room_semicircle,
          ontoclasm_vaults_gateway, vaults_room_door_hall, hangedman_vaults_hat,
          v_rooms_1, vaults_room_hallway, st_cells, ontoclasm_vaults_idyll,
          layout_vaults_omnigrid, serial_shops, nicolae_square_shop, uniq_mennas
Vaults:5: uniq_bai_suzhen
Crypt:1:  layout_chaotic_city, grunt_megastairs_5, grunt_crypt_arrival_split
Crypt:2:  layout_catacombs, lemuel_upstairs_altar, uniq_sojobo
Crypt:3:  grunt_crypt_end_deaths_head
Depths:1: layout_basic, minmay_room_of_horrors, grunt_hell_entry_dis_mu,
          serial_curves, eino_curves_04, eino_curves_01, eino_curves_03,
          grunt_decor_arrowhead, st_stairs_5, yredelemnul_altar_generic,
          uniq_mara
Depths:2: minmay_four_inscribed_fans, layout_cave_pools, enter_ziggurat_d,
          chequers_hall_statues_corner_a, lightli_too_deep, pan_entry
Depths:3: minmay_octagon_city, layout_gridlike, abyss_entry,
          hangedman_coc_ice_floe, rand_demon_pan_entry_1, chequers_jeans,
          special_room [special_room_morgue], guppyfry_shop_earth
Depths:4: angbandy_vault, layout_twisted_cross, infiniplex_staircase_zigzag_5,
          nicolae_abyss_entry_one_way_or_another, hell_entry
Depths:5: grunt_zot_entry_tricorne, layout_long_grid, hell_entry
Hell
Zot:1:    layout_gridville
Zot:2:    layout_misc_corridors
Zot:3:    layout_twisted_circle
Zot:4:    layout_twisted_circle
Zot:5:    layout_basic, ebering_ghost_gozag, grunt_ministairs_6

Skill      XL: |  1  2  3  4  5  6  7  8  9 10 11 12 13 14 15 16 17 18 19 20 21 22 23 24 25 26 27 |
---------------+----------------------------------------------------------------------------------+-----
Conjurations   | 2 3 6 9 10 13 15 17 19 24 | 24.0
Spellcasting   | 6 9 10 11 12 13 14 20 | 20.9
Air Magic      | 10 13 14 16 18 24 | 24.0
Fighting       | 1 3 4 5 6 8 9 11 12 | 12.0
Stealth        | 5 10 11 | 11.6
Shields        | 2 3 7 9 |  9.0
Invocations    | 2 6 10 12 14 | 14.0
Dodging        | 3 4 6 8 9 11 12 | 12.0
Evocations     | 1 6 8 9 12 | 12.0
Armour         | 5 6 8 10 11 12 17 | 17.3
Axes           | 8 10 12 15 18 | 18.0
Earth Magic    | 5 6 |  6.0

Action                   |  1- 3 |  4- 6 |  7- 9 | 10-12 | 13-15 | 16-18 | 19-21 | 22-24 | 25-27 || total
-------------------------+-------+-------+-------+-------+-------+-------+-------+-------+-------++-------
Melee: Unarmed           |    15 |       |       |       |       |       |       |       |       ||    15
       Hand axe          |     9 |     5 |       |       |       |       |       |       |       ||    14
       Falchion          |       |     2 |    58 |   176 |    91 |       |       |       |       ||   327
       Constrict         |       |       |       |       |    78 |    89 |   206 |   218 |   409 ||  1000
       Staff             |       |       |       |       |   165 |   267 |     2 |       |       ||   434
       War axe           |       |       |       |       |       |   114 |   229 |       |       ||   343
       Broad axe         |       |       |       |       |       |       |   677 |  1013 |  3247 ||  4937
Throw: Dart              |       |       |       |     5 |       |     1 |       |       |       ||     6
       Javelin           |       |       |       |     1 |       |     1 |       |       |       ||     2
 Cast: Shock             |    67 |    74 |    24 |    41 |       |       |       |       |       ||   206
       Airstrike         |       |    14 |    90 |   164 |   201 |   311 |    39 |       |       ||   819
       Swiftness         |       |     1 |       |       |       |       |       |       |       ||     1
       Static Discharge  |       |       |     2 |       |       |       |       |       |       ||     2
       Lightning Bolt    |       |       |       |    29 |    73 |   288 |    92 |    17 |    18 ||   517
       Summon Lightning  |       |       |       |     2 |     1 |       |     7 |       |       ||    10
       Freezing Cloud    |       |       |       |       |       |       |       |       |     1 ||     1
       Chain Lightning   |       |       |       |       |       |       |       |       |    76 ||    76
       Maxwell's Capacit |       |       |       |       |       |       |       |       |     5 ||     5
       Iron Shot         |       |       |       |       |       |       |       |       |     4 ||     4
Invok: Slouch            |       |       |       |     2 |     8 |    19 |    19 |    18 |    34 ||   100
       Bend Time         |       |       |       |       |       |     1 |     1 |       |       ||     2
       Temporal Distorti |       |       |       |       |       |       |     1 |       |       ||     1
 Abil: Spit Poison       |     7 |     3 |       |     2 |       |       |       |       |       ||    12
Evoke: Wand              |       |       |       |       |     2 |    12 |     7 |     3 |     5 ||    29
       Lightning rod     |       |       |       |       |       |    12 |     2 |       |     5 ||    19
       Tin of tremorston |       |       |       |       |       |     5 |     2 |     1 |     9 ||    17
       Condenser vane    |       |       |       |       |       |     3 |     1 |     1 |     1 ||     6
       Phial of floods   |       |       |       |       |       |     1 |     1 |       |       ||     2
       Phantom mirror    |       |       |       |       |       |       |       |       |     1 ||     1
  Use: Scroll            |     1 |     6 |     2 |     9 |     7 |     8 |    12 |    10 |     4 ||    59
       Potion            |       |     1 |       |     1 |     1 |     7 |     1 |       |     4 ||    15
 Stab: Sleeping          |       |       |     1 |     6 |     1 |       |       |       |       ||     8
       Distracted        |       |       |       |       |     1 |     1 |     5 |       |     2 ||     9
       Petrifying        |       |       |       |       |     2 |       |       |       |       ||     2
       Petrified         |       |       |       |       |       |     1 |       |       |       ||     1
       Paralysed         |       |       |       |       |       |       |       |     1 |       ||     1
Armor: Robe              |    33 |    15 |    39 |    64 |       |       |       |       |       ||   151
       Troll leather arm |       |       |       |    62 |       |       |       |       |       ||    62
       Ring mail         |       |       |       |       |   111 |       |       |       |       ||   111
       Gold dragon scale |       |       |       |       |   139 |   469 |   654 |   620 |  2150 ||  4032
Dodge: Dodged            |    34 |    12 |    46 |   179 |   314 |   229 |   508 |   569 |  2385 ||  4276
       Repelled          |       |       |       |       |       |       |     4 |    23 |       ||    27
Block: Buckler           |       |       |     7 |    85 |   202 |   104 |       |       |       ||   398
       Kite shield       |       |       |       |       |       |   380 |  1014 |   834 |  2682 ||  4910
       Reflection        |       |       |       |       |       |       |       |     9 |    64 ||    73
       Rpst.: Falchion   |       |       |     9 |    41 |    36 |       |       |       |       ||    86
